 Dungeon Crawl Stone Soup version 0.27-a0-860-gaf99fae3ca (webtiles) character file.

Game seed: 1304013844528646948

209 CylonOven the Magician (level 5, 0/35 HPs)
             Began as a Djinni Fire Elementalist on Apr 1, 2021.
             Slain by Grinder (5 damage)
             ... on level 4 of the Dungeon.
             The game lasted 00:14:04 (7384 turns).

CylonOven the Magician (Djinni Fire Elementalist)   Turns: 7384, Time: 00:14:04

Health: 0/35       AC:  9    Str:  7    XL:     5   Next: 87%
Gold:   77         EV: 12    Int: 18    God:
                   SH:  0    Dex: 13

rFire    + + .     SeeInvis .   q - +0 short sword (elec)
rCold    x . .     Faith    .   (no shield)
rNeg     . . .     Spirit   .   a - +0 robe
rPois    ∞         Reflect  .   (no helmet)
rElec    .         Harm     .   (no cloak)
rCorr    .         Rampage  .   k - +2 pair of gloves
Will     .....                  (boots unavailable)
Stlth    ++........             r - amulet of the acrobat
HPRegen  0.11/turn              d - +4 ring of protection
MPRegen  0.00/turn              y - +4 ring of slaying

@: flying
A: fire resistance 2, cold vulnerability 1, float, innate caster, hp casting,
extra vitality 1
a: no special abilities


You were on level 4 of the Dungeon.
You visited 1 branch of the dungeon, and saw 4 of its levels.

You collected 77 gold pieces.

Inventory:

Hand Weapons
 h - a +0 mace
 q - a +0 short sword of electrocution (weapon)
 x - a +0 falchion of flaming
Missiles
 n - 89 stones
Armour
 a - a +0 robe (worn)
 c - a +0 robe
 g - a +2 leather armour of willpower
 k - a +2 pair of gloves (worn)
 u - a +0 kite shield
Jewellery
 d - a +4 ring of protection (left hand)
 f - a ring of ice
 r - an amulet of the acrobat (around neck)
 y - a +4 ring of slaying (right hand)
Wands
 w - a wand of digging (6)
Scrolls
 b - a scroll of vulnerability {unknown}
 e - a scroll of noise {unknown}
 j - 2 scrolls of identify {unknown}
 m - a scroll of fog {unknown}
 s - a scroll of enchant armour {unknown}
 t - a scroll of fear {unknown}
 v - a scroll of blinking {unknown}
Potions
 i - a potion of attraction {unknown}
 l - a potion of heal wounds {unknown}
 o - 2 potions of curing {unknown}
 p - a potion of haste


   Skills:
 + Level 0.3 Fighting
 + Level 1.3 Short Blades
 + Level 1.1 Armour
 + Level 2.9 Dodging
 + Level 2.7 Stealth
 + Level 4.1 Spellcasting


You couldn't memorise any spells.
You knew the following spells:

 Your Spells              Type           Power      Damage    Failure   Level
a - Foxfire               Conj/Fire      72%        2x1d7     2%          1
b - Conjure Flame         Conj/Fire      18%        6-21      8%          3
c - Inner Flame           Hex/Fire       18%        N/A       8%          3
d - Sticky Flame          Conj/Fire      18%        2d4       26%         4
e - Fireball              Conj/Fire      9%         3d6       58%         5
f - Beastly Appendage     Tmut           36%        N/A       2%          1
g - Ensorcelled Hibernat  Hex/Ice        36%        N/A       4%          2
Your spell library was empty.

Dungeon Overview and Level Annotations

Branches:
Dungeon (4/15)
 Temple: D:4-7

Altars:
Uskayaw
Zin

Annotations:
D:4 Grinder


Innate Abilities, Weirdness & Mutations

You are immune to poison.
Your flesh is very heat resistant. (rF++)
You are vulnerable to cold. (rC-)
You float through the air rather than walking.
You learn spells naturally, not from books.
Your magical power is your life essence.
You have superior vitality. (+4 HP)


Message History

You resist with significant effort. Grinder gestures at you.
Pain shoots through your body!
Casting: Foxfire (safe; 2% risk of failure)
Confirm with . or Enter, or press ? or * to list all spells.
You conjure some foxfire!
Casting: Foxfire (safe; 2% risk of failure)
Confirm with . or Enter, or press ? or * to list all spells.
There is not enough space to conjure foxfire!
Your foxfire dissipates!
The foxfire hits Grinder.
Grinder is lightly wounded.
Grinder blinks!
Casting: Foxfire (safe; 2% risk of failure)
Confirm with . or Enter, or press ? or * to list all spells.
You conjure some foxfire!
Casting: Foxfire (safe; 2% risk of failure)
Confirm with . or Enter, or press ? or * to list all spells.
You conjure some foxfire!
The foxfire hits Grinder but does no damage.
Grinder is lightly wounded.
The foxfire hits Grinder.
Grinder is moderately wounded.
Grinder gestures at you.
You suddenly lose the ability to move!
The foxfire hits Grinder but does no damage.
Grinder is moderately wounded.
The foxfire hits Grinder.
Grinder is moderately wounded.
Grinder hits you but does no damage. Grinder barely misses you.
Grinder hits you.
You writhe in agony.
Grinder hits you.
You writhe in agony.
* * * LOW HITPOINT WARNING * * *
You can move again.
You barely miss Grinder.
Grinder is moderately wounded.
Grinder hits you.
* * * LOW HITPOINT WARNING * * *
You writhe in agony.
You die...

#.######..
####.#.§§§...
#.....§# #§##.###
#.##5#.. #.##.#.#
#.##.#.#
#.##.#.######.. #
#.##.5@........
#.#####.####.#####...
#.##.#.....####.#
#..........)))..#
#....#.##########
#..# #.# ... ###.###
. #.....#
#.....#######


You could see Grinder (fast).

Vanquished Creatures
  A centaur skeleton (D:4)
  An orc priest (D:4)
  Jessica (D:3)
  Ijyb (D:3)
  2 adders
  5 dart slugs
  A worm (D:2)
  7 orcs
  6 bats
  5 endoplasms
  2 giant cockroaches
  8 goblins
  2 hobgoblins (D:1)
  8 kobolds
  3 quokkas
  7 ball pythons
  A frilled lizard (D:3)
61 creatures vanquished.

Vanquished Creatures (collateral kills)
  3 foxfires (D:2)
3 creatures vanquished.

Vanquished Creatures (others)
  193 foxfires
193 creatures vanquished.

Grand Total: 257 creatures vanquished

Notes
Turn   | Place    | Note
-------+----------+-------------------------------------------
     0 | D:1      | CylonOven the Djinni Fire Elementalist began the quest for
                  | the Orb.
     0 | D:1      | Reached XP level 1. HP: 15/15 MP: 0/0
  3807 | D:1      | Reached skill level 3 in Spellcasting
  3807 | D:1      | Reached XP level 2. HP: 20/21 MP: 0/0
  4394 | D:2      | Reached XP level 3. HP: 22/25 MP: 0/0
  4394 | D:2      | Learned a level 1 spell: Beastly Appendage
  5763 | D:3      | Reached XP level 4. HP: 27/31 MP: 0/0
  5883 | D:3      | Noticed Ijyb
  6230 | D:3      | Killed Ijyb
  6502 | D:3      | Reached skill level 1 in Armour
  6666 | D:3      | Noticed Jessica
  6674 | D:3      | Killed Jessica
  6675 | D:3      | Reached skill level 4 in Spellcasting
  6675 | D:3      | Reached XP level 5. HP: 30/35 MP: 0/0
  6675 | D:3      | Learned a level 2 spell: Ensorcelled Hibernation
  6877 | D:3      | Found a hide-covered altar of Uskayaw.
  7067 | D:3      | Found a glowing silver altar of Zin.
  7190 | D:4      | Reached skill level 1 in Short Blades
  7364 | D:4      | Noticed Grinder
  7380 | D:4      | Paralysed by Grinder for 4 turns
  7384 | D:4      | Slain by Grinder

Illustrated notes

Levels and vault maps discovered:
D:1:      amcnicky_arrival_underground_garden, layout_basic, minmay_pentomino_t2
D:2:      layout_loops_corners, guppyfry_early_lair_pool
D:3:      layout_rooms, lemuel_round_altar,
          nicolae_uskayaw_murder_on_the_dancefloor, uniq_jessica, uniq_ijyb
D:4:      layout_loops_ring, uniq_grinder, uniq_blork_the_orc, uniq_eustachio

Skill      XL: |  1  2  3  4  5 |
---------------+----------------+-----
Spellcasting   | 3 4 |  4.1
Stealth        | 2 |  2.7
Armour         | 1 |  1.1
Short Blades   | 1 |  1.3
Fighting       | |  0.3
Dodging        | |  2.9

Action                   |  1- 3 |  4- 6 || total
-------------------------+-------+-------++-------
Melee: Short sword       |    15 |    30 ||    45
 Cast: Foxfire           |    62 |    59 ||   121
       Conjure Flame     |     1 |       ||     1
 Stab: Sleeping          |       |     1 ||     1
Armor: Leather armour    |     7 |       ||     7
       Robe              |    11 |     9 ||    20
Dodge: Dodged            |    27 |    31 ||    58

Table legend: (Time is in decaauts)
 A = Elapsed time spent in this place.
 B = Non-inter-level travel time spent in this place.
 C = Inter-level travel time spent in this place.
 D = Time resting spent in this place.
 E = Time spent auto-exploring this place.
 F = Levels seen in this place.
 G = Mean time per level.
                   A        B        C        D        E       F      G
               +--------+--------+--------+--------+--------+-----+--------+
         Total |   7386 |   7327 |     59 |   3971 |   2593 |   4 | 1846.5 |
       Dungeon |   7386 |   7327 |     59 |   3971 |   2593 |   4 | 1846.5 |
               +--------+--------+--------+--------+--------+-----+--------+

Top non-repeatable levels by time:
     D:1: 4391 daAuts
     D:2: 1652 daAuts
     D:3: 1097 daAuts
     D:4: 246 daAuts
